APP
WASHINGTON (APP) NATIONALS @ OGDEN RAPTORS
10/05/2047
 
TOP OF THE 1ST
Washington (APP) Nationals batting - Pitching for Ogden Raptors : RHP Eddie Usrey
Pitching: RHP Eddie Usrey
Batting: RHB Taffounnout Kame 0-0: Ball
1-0: Called Strike
1-1: Foul Ball, location: 2F
1-2: Strikes out swinging
Batting: RHB Xavier Reeves 0-0: Called Strike
0-1: Bunt missed!
0-2: Ball
1-2: Ground out 4-3 (Groundball, 34D, EV 100.6 MPH)
Batting: RHB Er Le 0-0: Called Strike
0-1: Foul Ball, location: 2F
0-2: Foul Ball, location: 2F
0-2: Ball
1-2: SINGLE (Groundball, 4M, EV 86.9 MPH) (infield hit)
Batting: RHB Vasag Semerjian 0-0: Called Strike
Er Le is caught stealing 2nd base 2-4
Top of the 1st over - 0 runs, 1 hit, 0 errors, 0 left on base; Washington (APP) 0 - Ogden 0
BOTTOM OF THE 1ST
Ogden Raptors batting - Pitching for Washington (APP) Nationals : RHP Romel Padua
Pitching: RHP Romel Padua
Batting: LHB Nate Kee 0-0: Foul Ball, location: 2F
0-1: Called Strike
0-2: Foul Ball, location: 2F
0-2: Foul Ball, location: 2F
0-2: Ball
1-2: Ground out 4-3 (Groundball, 34D, EV 83.8 MPH)
Batting: RHB Tommy Hunter 0-0: Called Strike
0-1: Ball
1-1: Ball
2-1: Ball
3-1: Called Strike
3-2: Ground out 5-3 (Groundball, 56, EV 103.1 MPH)
Batting: LHB Tore Bosch 0-0: SINGLE (Line Drive, 8LS, EV 108.1 MPH)
Batting: LHB Steve Pond 0-0: Foul Ball, location: 2F
0-1: Ball
1-1: Ball
2-1: Swinging Strike
2-2: Ball
3-2: Strikes out looking
Bottom of the 1st over - 0 runs, 1 hit, 0 errors, 1 left on base; Washington (APP) 0 - Ogden 0
TOP OF THE 2ND
Washington (APP) Nationals batting - Pitching for Ogden Raptors : RHP Eddie Usrey
Batting: RHB Vasag Semerjian 0-0: Ball
1-0: Swinging Strike
1-1: Foul Ball, location: 2F
1-2: Ball
2-2: Strikes out swinging
Batting: RHB Steve Kunselman 0-0: Foul Ball, location: 2F
0-1: Ball
1-1: Ground out 3-1 (Groundball, 34, EV 90.6 MPH)
Batting: RHB Jason Ewert 0-0: Foul Ball, location: 2F
0-1: Swinging Strike
0-2: Ground out 6-3 (Groundball, 6, EV 102.5 MPH)
Top of the 2nd over - 0 runs, 0 hits, 0 errors, 0 left on base; Washington (APP) 0 - Ogden 0
BOTTOM OF THE 2ND
Ogden Raptors batting - Pitching for Washington (APP) Nationals : RHP Romel Padua
Batting: RHB Jerry Sanchez 0-0: Ball
1-0: Ball
2-0: Ball
3-0: Base on Balls
Batting: RHB Mike Kaczor 0-0: Ball
1-0: Foul Ball, location: 2F
1-1: Ball
2-1: Swinging Strike
2-2: Strikes out swinging
Batting: SHB Josh Vaill 0-0: Called Strike
0-1: Foul Ball, location: 2F
0-2: Ball
1-2: Grounds into double play, 6-4-3 (Groundball, 6, EV 86.2 MPH)
Bottom of the 2nd over - 0 runs, 0 hits, 0 errors, 0 left on base; Washington (APP) 0 - Ogden 0
TOP OF THE 3RD
Washington (APP) Nationals batting - Pitching for Ogden Raptors : RHP Eddie Usrey
Batting: RHB Jose Ortiz 0-0: Called Strike
0-1: Called Strike
0-2: Ball
1-2: Ball
2-2: Strikes out swinging
Batting: LHB Tony Olvera 0-0: Called Strike
0-1: Foul Ball, location: 2F
0-2: Foul Ball, location: 2F
0-2: Strikes out looking
Batting: RHB Joe Simmelink 0-0: Called Strike
0-1: Ball
1-1: Ball
2-1: Called Strike
2-2: Foul Ball, location: 2F
2-2: Foul Ball, location: 2F
2-2: Ground out 5-3 (Groundball, 5L, EV 90.6 MPH)
Top of the 3rd over - 0 runs, 0 hits, 0 errors, 0 left on base; Washington (APP) 0 - Ogden 0
BOTTOM OF THE 3RD
Ogden Raptors batting - Pitching for Washington (APP) Nationals : RHP Romel Padua
Batting: RHB Chad Rojas 0-0: Ball
1-0: Foul Ball, location: 2F
1-1: Called Strike
1-2: SOLO HOME RUN (Flyball, 9LD, EV 93.8 MPH), Distance : 341 ft
Batting: RHB Jason Baldwin 0-0: Fly out, F9 (Flyball, 89S, EV 77.5 MPH)
Batting: LHB Nate Kee 0-0: Called Strike
0-1: Ball
1-1: Ball
2-1: Ball
3-1: Foul Ball, location: 2F
3-2: Foul Ball, location: 2F
3-2: Base on Balls
Batting: RHB Tommy Hunter 0-0: Called Strike
0-1: Ball
1-1: Ball
2-1: Ball
3-1: Called Strike
3-2: Base on Balls
Nate Kee to second
Batting: LHB Tore Bosch 0-0: Ball
1-0: Ball
2-0: Ball
3-0: Called Strike
3-1: Grounds out, U3 (Groundball, 3L, EV 104.4 MPH)
Nate Kee to third
Batting: LHB Steve Pond 0-0: Ball
1-0: Ball
2-0: Ball
3-0: Base on Balls
Batting: RHB Jerry Sanchez 0-0: Called Strike
0-1: Ball
1-1: SINGLE (Groundball, 5S, EV 60.0 MPH) (infield hit)
Nate Kee scores
Tommy Hunter to third
Steve Pond to second
Batting: RHB Mike Kaczor 0-0: Foul Ball, location: 2F
0-1: Called Strike
0-2: Ball
1-2: Ball
2-2: Ball
3-2: Base on Balls
Tommy Hunter scores
Steve Pond to third
Jerry Sanchez to second
Batting: SHB Josh Vaill 0-0: Ball
1-0: Foul Ball, location: 2F
1-1: GRAND SLAM HOME RUN (Flyball, 9D, EV 96.9 MPH), Distance : 387 ft
Pitching: RHP Cheng-ho Tai
Batting: RHB Chad Rojas 0-0: Fly out, F5 (Popup, 5L, EV 70.6 MPH)
Bottom of the 3rd over - 7 runs, 3 hits, 0 errors, 0 left on base; Washington (APP) 0 - Ogden 7
TOP OF THE 4TH
Washington (APP) Nationals batting - Pitching for Ogden Raptors : RHP Eddie Usrey
Batting: RHB Taffounnout Kame 0-0: Called Strike
0-1: Ground out 6-3 (Groundball, 6, EV 101.2 MPH)
Batting: RHB Xavier Reeves 0-0: Ball
1-0: SINGLE (Line Drive, 4MD, EV 95.6 MPH)
Batting: RHB Er Le 0-0: Ball
Xavier Reeves steals 2nd base (no throw)
1-0: Called Strike
Xavier Reeves steals 3rd base
1-1: Fly out, F8 (Line Drive, 8LD, EV 93.1 MPH)
Runner from 3rd tags up, SCORES, throw by CF
Batting: RHB Vasag Semerjian 0-0: Swinging Strike
0-1: Fly out, F5 (Line Drive, 5L, EV 64.4 MPH)
Top of the 4th over - 1 run, 1 hit, 0 errors, 0 left on base; Washington (APP) 1 - Ogden 7
BOTTOM OF THE 4TH
Ogden Raptors batting - Pitching for Washington (APP) Nationals : RHP Cheng-ho Tai
Batting: RHB Jason Baldwin 0-0: Ball
1-0: Ball
2-0: Ball
3-0: Called Strike
3-1: Foul Ball, location: 2F
3-2: Strikes out swinging
Batting: LHB Nate Kee 0-0: Ball
1-0: Ball
2-0: Ball
3-0: Base on Balls
Batting: RHB Tommy Hunter 0-0: Ball
1-0: Foul Ball, location: 2F
1-1: Ball
2-1: Swinging Strike
2-2: Foul Ball, location: 2F
2-2: Foul Ball, location: 2F
2-2: Ball
Nate Kee is caught stealing 2nd base 2-4
3-2: Base on Balls
Batting: LHB Tore Bosch 0-0: Foul Ball, location: 2F
0-1: Called Strike
0-2: Ball
1-2: Ball
2-2: Ball
3-2: SINGLE (Groundball, 6S, EV 74.4 MPH) (infield hit)
Tommy Hunter to second
Batting: LHB Steve Pond 0-0: Ball
1-0: Swinging Strike
1-1: 3-RUN HOME RUN (Flyball, 9D, EV 98.1 MPH), Distance : 383 ft
Batting: RHB Jerry Sanchez 0-0: Ball
1-0: Foul Ball, location: 2F
1-1: Swinging Strike
1-2: Ball
2-2: Foul Ball, location: 2F
2-2: DOUBLE (Line Drive, 89XD, EV 112.5 MPH)
Batting: RHB Mike Kaczor 0-0: Ball
1-0: Ball
2-0: Called Strike
2-1: Ball
3-1: Foul Ball, location: 2F
3-2: Base on Balls
Pitching: RHP Matt Norris
Batting: SHB Josh Vaill 0-0: Ball
1-0: Called Strike
1-1: Swinging Strike
1-2: Strikes out looking
Bottom of the 4th over - 3 runs, 3 hits, 0 errors, 2 left on base; Washington (APP) 1 - Ogden 10
TOP OF THE 5TH
Washington (APP) Nationals batting - Pitching for Ogden Raptors : RHP Eddie Usrey
Batting: RHB Steve Kunselman 0-0: Ball
1-0: Foul Ball, location: 2F
1-1: Ball
2-1: Fly out, F8 (Flyball, 78M, EV 81.2 MPH)
Batting: RHB Jason Ewert 0-0: Ball
1-0: Ball
2-0: Ball
3-0: Base on Balls
Batting: RHB Jose Ortiz 0-0: Ball
1-0: Called Strike
1-1: Foul Ball, location: 2F
1-2: Strikes out swinging
Batting: LHB Tony Olvera 0-0: Called Strike
0-1: Fly out, F7 (Flyball, 7D, EV 91.2 MPH)
Top of the 5th over - 0 runs, 0 hits, 0 errors, 1 left on base; Washington (APP) 1 - Ogden 10
BOTTOM OF THE 5TH
Ogden Raptors batting - Pitching for Washington (APP) Nationals : RHP Matt Norris
Batting: RHB Chad Rojas 0-0: Ball
1-0: Foul Ball, location: 2F
1-1: Ball
2-1: Foul Ball, location: 2F
2-2: Fly out, F9 (Flyball, 9LM, EV 85.6 MPH)
Batting: RHB Jason Baldwin 0-0: Ground out 5-3 (Groundball, 56S, EV 68.8 MPH)
Batting: LHB Nate Kee 0-0: Called Strike
0-1: Ball
1-1: SINGLE (Groundball, 4S, EV 67.5 MPH) (infield hit)
Batting: RHB Tommy Hunter 0-0: Called Strike
0-1: Foul Ball, location: 2F
0-2: Ground out 2-3 (Groundball, 2L, EV 64.4 MPH)
Bottom of the 5th over - 0 runs, 1 hit, 0 errors, 1 left on base; Washington (APP) 1 - Ogden 10
TOP OF THE 6TH
Washington (APP) Nationals batting - Pitching for Ogden Raptors : RHP Eddie Usrey
Batting: RHB Joe Simmelink 0-0: Called Strike
0-1: Swinging Strike
0-2: Strikes out swinging
Batting: RHB Taffounnout Kame 0-0: Called Strike
0-1: Ball
1-1: Ball
2-1: Foul Ball, location: 2F
2-2: Ball
3-2: Foul Ball, location: 2F
3-2: Foul Ball, location: 2F
3-2: Base on Balls
Batting: RHB Xavier Reeves 0-0: Ball
1-0: Ball
2-0: Ball
Taffounnout Kame steals 2nd base
3-0: Base on Balls
Batting: RHB Er Le 0-0: Swinging Strike
0-1: Foul Ball, location: 2F
0-2: Ball
1-2: Strikes out looking
Batting: RHB Vasag Semerjian 0-0: Ball
1-0: Ground out 6-3 (Groundball, 6S, EV 67.5 MPH)
Top of the 6th over - 0 runs, 0 hits, 0 errors, 2 left on base; Washington (APP) 1 - Ogden 10
BOTTOM OF THE 6TH
Ogden Raptors batting - Pitching for Washington (APP) Nationals : RHP Matt Norris
Batting: LHB Tore Bosch 0-0: Called Strike
0-1: Ball
1-1: Ball
2-1: Ball
3-1: Foul Ball, location: 2F
3-2: Foul Ball, location: 2F
3-2: SOLO HOME RUN (Flyball, 89XD, EV 107.5 MPH), Distance : 414 ft
Batting: LHB Steve Pond 0-0: Ball
1-0: Ball
2-0: Ball
3-0: Called Strike
3-1: Base on Balls
Batting: RHB Jerry Sanchez 0-0: Ball
1-0: Ball
2-0: Swinging Strike
2-1: Called Strike
2-2: SINGLE (Groundball, 4MD, EV 100.0 MPH)
Steve Pond to second
Runner from 2nd tries for 3rd, SAFE, throw by CF made to third
Jerry Sanchez to second
Pitching: RHP Omar Perez
Batting: RHB Mike Kaczor 0-0: Ball
1-0: Ball
2-0: Ball
3-0: Called Strike
3-1: Base on Balls
Batting: SHB Josh Vaill 0-0: Ball
1-0: Foul Ball, location: 2F
1-1: Ball
2-1: Fly out, F9 (Flyball, 9, EV 82.5 MPH)
Runner from 3rd tags up, SCORES, throw by RF
Batting: RHB Chad Rojas 0-0: Called Strike
0-1: Grounds into double play, 4-6-3 (Groundball, 4S, EV 90.0 MPH)
Bottom of the 6th over - 2 runs, 2 hits, 0 errors, 1 left on base; Washington (APP) 1 - Ogden 12
TOP OF THE 7TH
Washington (APP) Nationals batting - Pitching for Ogden Raptors : RHP Eddie Usrey
Batting: RHB Steve Kunselman 0-0: Ball
1-0: Called Strike
1-1: Swinging Strike
1-2: Foul Ball, location: 2F
1-2: Strikes out swinging
Pinch Hitting: LHB Chris Williams 0-0: Swinging Strike
0-1: Foul Ball, location: 2F
0-2: Strikes out swinging
Batting: RHB Jose Ortiz 0-0: Called Strike
0-1: Called Strike
0-2: Ball
1-2: Ball
2-2: Strikes out swinging
Top of the 7th over - 0 runs, 0 hits, 0 errors, 0 left on base; Washington (APP) 1 - Ogden 12
BOTTOM OF THE 7TH
Ogden Raptors batting - Pitching for Washington (APP) Nationals : RHP Omar Perez
Now at 1B: Chris Williams
Now at SS: Er Le
Batting: RHB Jason Baldwin 0-0: Ground out 5-3 (Groundball, 25, EV 88.1 MPH)
Pinch Hitting: RHB Will Barksdale 0-0: Swinging Strike
0-1: Ground out 6-3 (Groundball, 6S, EV 83.1 MPH)
Batting: RHB Tommy Hunter 0-0: SINGLE (Flyball, 4MD, EV 96.9 MPH)
Batting: LHB Tore Bosch 0-0: Ball
1-0: Ball
2-0: Ball
3-0: Called Strike
3-1: Reaches on Catchers interference
Tommy Hunter to second
Batting: LHB Steve Pond 0-0: Foul Ball, location: 2F
0-1: Ball
1-1: Foul Ball, location: 2F
1-2: Ground out U3 (Groundball, 3, EV 84.4 MPH)
Bottom of the 7th over - 0 runs, 1 hit, 1 error, 2 left on base; Washington (APP) 1 - Ogden 12
TOP OF THE 8TH
Washington (APP) Nationals batting - Pitching for Ogden Raptors : RHP Eddie Usrey
Now in LF: Steve Pond
Now in CF: Chad Rojas
Now in RF: Joe Bower
Pinch Hitting: SHB Curtis DeLille 0-0: Called Strike
0-1: Ball
1-1: Ball
2-1: Foul Ball, location: 2F
2-2: Ball
3-2: SINGLE (Groundball, 34D, EV 100.6 MPH)
Pitching: RHP Jeff Lewis
Pinch Hitting: RHB Lamar Thornton 0-0: SINGLE (Groundball, 34D, EV 96.2 MPH)
Curtis DeLille to second
Runner from 2nd tries for 3rd, SAFE, throw by RF made at trailing runner, OUT! 9-6
Batting: RHB Taffounnout Kame 0-0: Called Strike
0-1: Ball
1-1: Ball
2-1: Ball
3-1: Called Strike
3-2: Foul Ball, location: 2F
3-2: SINGLE (Flyball, 3D, EV 92.5 MPH)
Curtis DeLille scores
Pinch Hitting: RHB Justin Van Houten 0-0: Foul Ball, location: 2F
0-1: Ball
1-1: Ball
2-1: Grounds into double play, 1-6-3 (Groundball, 13S, EV 65.6 MPH)
Top of the 8th over - 1 run, 3 hits, 0 errors, 0 left on base; Washington (APP) 2 - Ogden 12
BOTTOM OF THE 8TH
Ogden Raptors batting - Pitching for Washington (APP) Nationals : RHP Omar Perez
Now at 2B: Tylor Cyr
Now in CF: Justin Van Houten
Now in RF: Lamar Thornton
Pinch Hitting: SHB Jason Todd 0-0: Ball
1-0: Called Strike
1-1: Ball
2-1: Swinging Strike
2-2: Ball
3-2: Strikes out looking
Pitching: LHP Mike Rosas
Batting: RHB Mike Kaczor 0-0: Foul Ball, location: 2F
0-1: SINGLE (Groundball, 56D, EV 95.6 MPH)
Batting: SHB Josh Vaill 0-0: Ball
1-0: Swinging Strike
1-1: Ball
2-1: DOUBLE (Flyball, 8RXD, EV 105.0 MPH)
Mike Kaczor to third
Batting: RHB Chad Rojas 0-0: Called Strike
0-1: Ball
1-1: Foul Ball, location: 2F
1-2: Strikes out swinging
Batting: RHB Jason Baldwin 0-0: Called Strike
0-1: Foul Ball, location: 2F
0-2: Ball
1-2: Foul Ball, location: 2F
1-2: Ball
2-2: Foul Ball, location: 2F
2-2: Foul Ball, location: 2F
2-2: Foul Ball, location: 2F
2-2: Ball
3-2: Base on Balls
Batting: RHB Joe Bower 0-0: Foul Ball, location: 2F
0-1: Ball
1-1: Swinging Strike
1-2: SINGLE (Line Drive, 8RS, EV 93.8 MPH)
Mike Kaczor scores
Josh Vaill to third
Jason Baldwin to second
Runner from 3rd tries for Home, SAFE, throw by CF to home
Batting: RHB Tommy Hunter 0-0: Ball
1-0: Reached via error on a dropped throw from SS, E4 (Groundball, 6, EV 88.8 MPH)
Jason Baldwin to third
Joe Bower to second
Batting: LHB Tore Bosch 0-0: Ball
1-0: Called Strike
1-1: Ground out 5-3 (Groundball, 56S, EV 86.9 MPH)
Bottom of the 8th over - 2 runs, 3 hits, 1 error, 3 left on base; Washington (APP) 2 - Ogden 14
TOP OF THE 9TH
Washington (APP) Nationals batting - Pitching for Ogden Raptors : RHP Jeff Lewis
Now at SS: Jason Todd
Batting: RHB Er Le 0-0: Swinging Strike
0-1: Ball
1-1: Ball
2-1: Ball
3-1: Fly out, F4 (Line Drive, 4, EV 68.1 MPH)
Batting: RHB Vasag Semerjian 0-0: Called Strike
0-1: Called Strike
0-2: Strikes out swinging
Batting: RHB Steve Kunselman 0-0: Ball
1-0: Called Strike
1-1: Called Strike
1-2: Foul Ball, location: 2F
1-2: Ball
2-2: Foul Ball, location: 2F
2-2: SINGLE (Line Drive, 6MD, EV 105.6 MPH)
Pinch Hitting: RHB Jessie Fisher 0-0: Foul Ball, location: 2F
0-1: Called Strike
0-2: Foul Ball, location: 2F
0-2: Ball
1-2: SINGLE (Groundball, 6D, EV 108.1 MPH)
Steve Kunselman to second
Pinch Hitting: RHB Chad Madsen 0-0: Foul Ball, location: 2F
0-1: Fielders Choice at 2nd, 5-4 (Groundball, 56, EV 84.4 MPH)
Top of the 9th over - 0 runs, 2 hits, 0 errors, 2 left on base; Washington (APP) 2 - Ogden 14
Thursday, December 15th , 2022 - OOTP Baseball 23.9 Build 102